 Dungeon Crawl Stone Soup version 0.23-a0-767-gdc19b93d68 (webtiles) character file.

86 Hercules1031 the Skirmisher (level 4, -2/35 HPs)
             Began as a Demonspawn Fighter on Jan 28, 2019.
             Slain by Crazy Yiuf
             ... wielding a +3 quarterstaff of chaos
              (11 damage)
             ... on level 2 of the Dungeon.
             The game lasted 00:03:58 (2388 turns).

Hercules1031 the Skirmisher (Demonspawn Fighter)    Turns: 2388, Time: 00:04:01

Health: -2/35      AC:  6    Str: 17    XL:     4   Next: 27%
Magic:  4/4        EV:  7    Int:  9    God:
Gold:   93         SH:  9    Dex: 13    Spells: 3/3 levels left

rFire    . . .     SeeInvis .   a - +0 war axe
rCold    . . .     Gourm    .   c - +0 shield
rNeg     . . .     Faith    .   b - +0 scale mail
rPois    .         Spirit   .   (helmet restricted)
rElec    .         Reflect  .   (no cloak)
rCorr    +         Harm     .   (no gloves)
MR       .....                  (no boots)
Stlth    ..........             (no amulet)
HPRegen  0.11/turn              m - ring of resist corrosion
MPRegen  0.09/turn              (no ring)

@: lethally poisoned (-2 -> -35)
A: horns 2
a: no special abilities


You were on level 2 of the Dungeon.
You were full.

You visited 1 branch of the dungeon, and saw 2 of its levels.

You collected 93 gold pieces.

Inventory:

Hand Weapons
 a - a +0 war axe (weapon)
Armour
 b - a +0 scale mail (worn)
 c - a +0 shield (worn)
Jewellery
 m - a ring of resist corrosion (left hand)
Scrolls
 h - 2 scrolls of teleportation {unknown}
 i - 5 scrolls of identify {unknown}
 j - a scroll of enchant armour {unknown}
 n - a scroll of magic mapping {unknown}
 o - a scroll of fear {unknown}
 q - 3 scrolls of fog {unknown}
Potions
 d - a potion of might
 e - a potion of brilliance
 l - a potion of lignification {unknown}
 r - a potion of heal wounds {unknown}
Comestibles
 f - 2 rations


   Skills:
 + Level 3.5 Fighting
 + Level 2.3 Axes
 + Level 3.1 Armour
 + Level 1.3 Dodging
 + Level 3.1 Shields


You had 3 spell levels left.
You didn't know any spells.
Your spell library was empty.

Dungeon Overview and Level Annotations

Branches:
Dungeon (2/15)

Altars:

Annotations:
D:2 Crazy Yiuf


Innate Abilities, Weirdness & Mutations

You have a pair of horns on your head.


Message History

You are poisoned.
It was a potion of ambrosia.
You are confused.
You feel invigorated.
You feel sick.
Crazy Yiuf twirls on the spot.
Crazy Yiuf hits you with a +3 quarterstaff of chaos.
You are lethally poisoned!
You are more confused.
You feel more invigorated.
You feel sick.
Crazy Yiuf hits you with a +3 quarterstaff of chaos.
* * * LOW HITPOINT WARNING * * *
You are more poisoned.
It was a potion of cancellation.
Your magical effects are unravelling.
You feel magically purged.
You feel less invigorated.
You feel less confused.
* * * LOW HITPOINT WARNING * * *
You feel very sick.
Crazy Yiuf hits you with a +3 quarterstaff of chaos!
You die...

.....####### #.#...###....##
...........#### #.#....##......
..............# #.#.#..##......
†......######## #####..........
#####..# ##..#....## # #..#
#..#...... # #..##♣♣ ####
#......... # #..#..♣♣ ♣♣#)))#
#.......... # #......♣♣♣♣)@g).#
#.......... ######.....)♣))♣#)))#
#.......... ....####..)♣)♣♣♣ ####
##+#>...... .......##♣♣♣♣♣
#..#+#.# .......# # #....#..
.......################. #....###
.......†.................#....#..
....####......................#.#
....# #................ #[..#(#


You could see Crazy Yiuf.

Vanquished Creatures
  2 adders (D:2)
  2 oozes (D:1)
  5 dart slugs
  A leopard gecko (D:1)
  4 bats
  6 giant cockroaches
  3 goblins
  2 hobgoblins
  2 jackals (D:2)
  4 kobolds
  2 quokkas (D:2)
  9 frilled lizards
  8 rats
50 creatures vanquished.

Notes
Turn   | Place    | Note
-------+----------+-------------------------------------------
     0 | D:1      | Hercules1031 the Demonspawn Fighter began the quest for the
                  | Orb.
     0 | D:1      | Reached XP level 1. HP: 18/18 MP: 1/1
   183 | D:1      | Gained mutation: You have a pair of small horns on your
                  | head. [demonic ancestry]
   183 | D:1      | Reached XP level 2. HP: 15/24 MP: 2/2
  1131 | D:1      | Reached XP level 3. HP: 26/29 MP: 3/3
  1344 | D:1      | Reached skill level 1 in Dodging
  2086 | D:2      | Gained mutation: You have a pair of horns on your head.
                  | [demonic ancestry]
  2086 | D:2      | Reached XP level 4. HP: 35/35 MP: 4/4
  2323 | D:2      | Found a runed door.
  2379 | D:2      | Noticed Crazy Yiuf
  2388 | D:2      | Slain by Crazy Yiuf

Vault maps used:
D:1:      dpeg_arrival_solitude
D:2:      uniq_crazy_yiuf_cottage

Skill      XL: |  1  2  3 |
---------------+----------+-----
Axes           | 2 |  2.3
Armour         | 3 |  3.1
Shields        | 3 |  3.1
Dodging        | 1 |  1.3
Fighting       | |  3.5

Action                   |  1- 3 |  4- 6 || total
-------------------------+-------+-------++-------
Melee: War axe           |   126 |    49 ||   175
       Headbutt          |    14 |     5 ||    19
  Use: Potion            |     3 |     4 ||     7
  Eat: Ration            |     1 |     2 ||     3
Armor: Scale mail        |    77 |    28 ||   105
Dodge: Dodged            |    33 |    15 ||    48
Block: Shield            |    71 |    22 ||    93

Table legend:
 A = Non-vault XP
 B = Vault XP
 C = Vault XP percentage of total XP
 D = Non-vault monster count
 E = Vault monster count
 F = Vault count percentage of total count
                 A         B        C        D         E       F
            +---------+---------+-------+---------+---------+-------
      Total |     124 |       0 |   0.0 |      50 |       0 |   0.0
            +---------+---------+-------+---------+---------+-------
        D:1 |      55 |       0 |   0.0 |      25 |       0 |   0.0
        D:2 |      69 |       0 |   0.0 |      25 |       0 |   0.0
            +---------+---------+-------+---------+---------+-------
